 Dungeon Crawl Stone Soup version 0.29.0-4-gdea44cf6ec (webtiles) character file.

Game seed: 1766995692804503957

28 qw the Chopper (level 3, -1/21 HPs)
             Began as a Tengu Warper on Aug 28, 2022.
             Slain by a steam dragon (3 damage)
             ... on level 3 of the Dungeon.
             The game lasted 00:00:06 (1383 turns).

qw the Chopper (Tengu Warper)                       Turns: 1383, Time: 00:00:07

Health: -1/21      AC:  3    Str: 13    XL:     3   Next: 14%
Magic:  7/7        EV: 12    Int: 13    God:
Gold:   106        SH:  0    Dex: 13    Spells: 6/6 levels left

rFire   . . .      SeeInvis .   Y - +0 hand axe
rCold   . . .      Faith    .   (no shield)
rNeg    . . .      Spirit   .   b - +0 leather armour
rPois   .          Reflect  .   (helmet restricted)
rElec   .          Harm     .   (no cloak)
rCorr   .          Rampage  .   (no gloves)
Will    .....                   (boots unavailable)
Stlth   +.........              (no amulet)
HPRegen 0.07/turn               (no ring)
MPRegen 0.10/turn               (no ring)

@: no status effects
A: beak, talons 3
a: no special abilities


You were on level 3 of the Dungeon.
You visited 1 branch of the dungeon, and saw 3 of its levels.

You collected 106 gold pieces.


Innate Abilities, Weirdness & Mutations

You have a beak for a mouth.
You have claws for feet.


   Skills:
 - Level 2.0 Fighting
 + Level 3.9 Axes
 - Level 1.0 Throwing
 - Level 1.1 Armour
 - Level 2.1 Dodging
 - Level 2.0 Spellcasting
 - Level 2.4 Translocations


You had 6 spell levels left.
You didn't know any spells.
Your spell library contained the following spells:

 Spells                   Type           Power      Damage    Failure   Level
 Blink                    Tloc           14%        N/A       19%         2
 Gell's Gravitas          Tloc           7%         N/A       36%         3
 Lesser Beckoning         Tloc           7%         N/A       36%         3
 Teleport Other           Tloc           7%         N/A       36%         3
 Manifold Assault         Tloc           7%         N/A       98%         5

Inventory:

Hand Weapons
 a - a +0 mace
 Y - a +0 hand axe (weapon)
Armour
 b - a +0 leather armour (worn)
Jewellery
 c - an amulet of regeneration
Scrolls
 g - a scroll of enchant weapon {unknown}
 h - 3 scrolls of identify {unknown}
Potions
 d - a potion of ambrosia {unknown}
 e - a potion of cancellation {unknown}
 f - a potion of invisibility {unknown}
 i - a potion of attraction {unknown}
 j - a potion of haste {unknown}

Dungeon Overview and Level Annotations

Branches:
Dungeon (2/15)

Altars:


Message History

The kobold hits you with a +0 short sword.
You hit the kobold.
You kill the kobold!
You start resting.
HP restored.
h - a scroll labelled FUMNOUPSOLO
Items here: % ( )).
Found a stone staircase leading down.
There is a stone staircase leading down here.
h - 2 scrolls labelled FUMNOUPSOLO (gained 1)
h - 3 scrolls labelled FUMNOUPSOLO (gained 1)
i - a murky golden potion
Enter note: You open the door.
There is an open door here.
You open the door.
There is an open door here.
You open the door.
There is an open door here.
Found an escape hatch in the floor.
Found a stone staircase leading down.
j - a pink potion A steam dragon comes into view.
The steam dragon hisses angrily.
The steam dragon breathes steam at you. The ball of steam hits you!
Ouch! That really hurt!
The steam dragon moves out of view.
There is an open door here.
1377 ||| Stepping ~*~*~tactically~*~*~ (cloud).
You start resting.
A steam dragon is nearby!
There is an open door here.
You hit the steam dragon. Your kick misses the steam dragon.
The steam dragon is lightly wounded.
The steam dragon closely misses you. The steam dragon claws you.
You hit the steam dragon. Your kick misses the steam dragon.
Your peck misses the steam dragon.
The steam dragon is moderately wounded.
The steam dragon barely misses you. The steam dragon claws you.
You die...

#......#
#......######
#.#+#.......#
#.# #.......#
#># #..>....#
#.# #.......#
#.###.......#
#...........#
...###@#####
... #D# #.
#.# #.. #..
.... ....
#.###


You could see a steam dragon.

Vanquished Creatures
  An adder (D:2)
  A worm (D:3)
  An orc (D:3)
  An endoplasm (D:2)
  2 hobgoblins (D:1)
  2 ball pythons (D:1)
  7 kobolds
  3 rats
18 creatures vanquished.

Notes
Turn   | Place    | Note
-------+----------+-------------------------------------------
     0 | D:1      | qw the Tengu Warper began the quest for the Orb.
     0 | D:1      | Reached XP level 1. HP: 12/12 MP: 4/4
     0 | D:1      | 0 ||| qw: Version: 0.1-a-89-g26bdef1
     0 | D:1      | 0 ||| qw: Game counter: 1119
     0 | D:1      | 0 ||| qw: Always use a shield: true
     0 | D:1      | 0 ||| qw: God list: Okawaru
     0 | D:1      | 0 ||| qw: Allow faded altars: false
     0 | D:1      | 0 ||| qw: Do Orc after D:15 true
     0 | D:1      | 0 ||| qw: Do second Lair branch before Depths: true
     0 | D:1      | 0 ||| qw: Lair rune preference: random
     0 | D:1      | 0 ||| qw: Plans: Normal
     0 | D:1      | 0 ||| PLANNING D:1-11
   115 | D:1      | 115 ||| Stepping ~*~*~tactically~*~*~ (stealth).
   117 | D:1      | 117 ||| Stepping ~*~*~tactically~*~*~ (stealth).
   119 | D:1      | 119 ||| Stepping ~*~*~tactically~*~*~ (stealth).
   120 | D:1      | 120 ||| Stepping ~*~*~tactically~*~*~ (stealth).
   142 | D:1      | 142 ||| Stepping ~*~*~tactically~*~*~ (stealth).
   143 | D:1      | 143 ||| Stepping ~*~*~tactically~*~*~ (stealth).
   666 | D:1      | 666 ||| READING 2 scrolls labelled CEMUER BOIBOY.
   667 | D:1      | 667 ||| DROPPING scroll of amnesia.
   668 | D:1      | 668 ||| DROPPING scroll of blinking.
   696 | D:2      | Reached skill level 3 in Axes
   696 | D:2      | Reached XP level 2. HP: 17/17 MP: 6/6
   725 | D:2      | 725 ||| FLEEEEING.
   726 | D:2      | 726 ||| FLEEEEING.
   727 | D:2      | 727 ||| FLEEEEING.
   728 | D:2      | 728 ||| FLEEEEING.
   729 | D:2      | 729 ||| FLEEEEING.
   730 | D:2      | 730 ||| FLEEEEING.
   731 | D:2      | 731 ||| FLEEEEING.
   732 | D:2      | 732 ||| FLEEEEING.
   733 | D:2      | 733 ||| FLEEEEING.
   734 | D:2      | 734 ||| FLEEEEING.
   739 | D:2      | 739 ||| FLEEEEING.
   740 | D:2      | 740 ||| FLEEEEING.
   741 | D:2      | 741 ||| FLEEEEING.
   743 | D:2      | 743 ||| FLEEEEING.
   744 | D:2      | 744 ||| FLEEEEING.
   745 | D:2      | 745 ||| FLEEEEING.
   747 | D:2      | 747 ||| FLEEEEING.
   748 | D:2      | 748 ||| STAIRDANCE
   795 | D:1      | 795 ||| DROPPING +0 club.
   878 | D:2      | 878 ||| Stepping ~*~*~tactically~*~*~ (stealth).
   880 | D:2      | 880 ||| Stepping ~*~*~tactically~*~*~ (stealth).
  1077 | D:2      | You fall into a shaft and drop 1 floor!
  1146 | D:3      | Reached XP level 3. HP: 18/21 MP: 7/7
  1181 | D:3      | 1181 ||| Stepping ~*~*~tactically~*~*~ (stealth).
  1198 | D:3      | 1198 ||| Stepping ~*~*~tactically~*~*~ (stealth).
  1376 | D:3      | Noticed a steam dragon
  1376 | D:3      | HP: 5/21 [something/ball of steam (16)]
  1377 | D:3      | 1377 ||| Stepping ~*~*~tactically~*~*~ (cloud).
  1382 | D:3      | HP: 2/21 [steam dragon (3)]
  1383 | D:3      | Slain by a steam dragon

Levels and vault maps discovered:
D:1:      mrwooster_arrival_statue, layout_basic
D:2:      layout_loops_ring, basic_altar
D:3:      layout_basic, minmay_fractal_squares_gapless_5

Skill      XL: |  1 |
---------------+----+-----
Axes           | 3 |  3.9
Fighting       | |  2.0
Throwing       | |  1.0
Armour         | |  1.1
Dodging        | |  2.1
Spellcasting   | |  2.0
Translocations | |  2.4

Action                   || total
-------------------------++-------
Melee: Hand axe          ||    47
       Kick              ||    10
       Peck              ||     5
Throw: Boomerang         ||     7
  Use: Scroll            ||     1
Armor: Leather armour    ||    15
Dodge: Dodged            ||    16

Table legend:
 A = Non-vault XP
 B = Vault XP
 C = Vault XP percentage of total XP
 D = Non-vault monster count
 E = Vault monster count
 F = Vault count percentage of total count
                 A         B        C        D         E       F
            +---------+---------+-------+---------+---------+-------
      Total |      41 |       0 |   0.0 |      18 |       0 |   0.0
            +---------+---------+-------+---------+---------+-------
        D:1 |       8 |       0 |   0.0 |       6 |       0 |   0.0
        D:2 |      20 |       0 |   0.0 |       6 |       0 |   0.0
        D:3 |      13 |       0 |   0.0 |       6 |       0 |   0.0
            +---------+---------+-------+---------+---------+-------
